 Dungeon Crawl Stone Soup version 0.29.1-1-gd02db6906a (webtiles) character file.

Game seed: 773076842744873374

6716 Draeca the Slicer (level 10, -24/126 HPs)
             Began as a Yellow Draconian Earth Elementalist on Oct 6, 2022.
             Was an Elder of Dithmenos.
             Killed from afar by a rakshasa (illusionary) (31 damage)
             ... with a lance of force
             ... on level 9 of the Dungeon on Oct 7, 2022.
             The game lasted 02:02:47 (9562 turns).

Draeca the Slicer (DrEE)                            Turns: 9562, Time: 02:02:47

Health: -24/126    AC: 25    Str: 11    XL:     10   Next: 74%
Magic:  0/17       EV:  2    Int: 18    God:    Dithmenos [****..]
Gold:   587        SH: 12    Dex: 13    Spells: 11/19 levels left

rFire   + . .      SeeInvis +   j - +12 dagger of Roxzuel {freeze, *Noise rPois rC+ SInv}
rCold   + . .      Faith    .   e - +3 kite shield {rF+}
rNeg    . . .      Spirit   +   (body armour unavailable)
rPois   +          Reflect  .   (helmet currently unavailable)
rElec   .          Harm     .   (cloak currently unavailable)
rCorr   .          Rampage  .   (gloves currently unavailable)
Will    .....      NoTele   +   (boots currently unavailable)
Stlth   +++++.....              b - amulet of guardian spirit
HPRegen 0.31/turn               z - ring of wizardry
MPRegen 0.15/turn               (no ring)

@: short of breath, tree-form, wreathed by umbra
A: stationary, stasis, torment immunity, boosted hp, (spit acid), AC +7,
unfitting armour, (cold-blooded), (acid resistance)
a: Renounce Religion, Shadow Step


You were on level 9 of the Dungeon.
You worshipped Dithmenos.
Dithmenos was greatly pleased with you.
You were a tree.
You visited 2 branches of the dungeon, and saw 10 of its levels.
You also visited: Ossuary.

You collected 587 gold pieces.

Inventory:

Hand Weapons
 h - a +2 dagger of venom
 j - the +12 dagger of Roxzuel (weapon) {freeze, *Noise rPois rC+ SInv}
   (You found it on level 2 of the Dungeon)

   It freezes those it strikes, dealing additional cold damage.
   It can also slow down cold-blooded creatures.
   rC:        It protects you from cold.
   rPois:     It protects you from poison.
   SInv:      It lets you see invisible.
   *Noise:    It may make noises in combat.
 H - a +6 short sword of speed
Missiles
 G - 2 throwing nets
Armour
 e - a +3 kite shield of fire resistance (worn)
 l - a +0 cloak (melded)
 v - a +0 pair of gloves (melded)
 x - a +0 pair of gloves
Jewellery
 b - an amulet of guardian spirit (around neck)
 z - a ring of wizardry (left branch)
Wands
 i - a wand of charming (10)
 o - a wand of quicksilver (10)
 w - a wand of iceblast (12)
 D - a wand of flame (12)
 E - a wand of polymorph (4)
Scrolls
 g - 3 scrolls of fear
 k - 3 scrolls of butterflies
 n - a scroll of teleportation
 q - 3 scrolls of magic mapping
 t - a scroll of vulnerability
 u - 2 scrolls of poison
 y - a scroll of silence {unknown}
 A - 2 scrolls of brand weapon {unknown}
 B - 2 scrolls of blinking {unknown}
 C - 2 scrolls of enchant weapon {unknown}
 I - a scroll of noise {unknown}
Potions
 a - 2 potions of magic
 c - 9 potions of curing
 d - a potion of haste {unknown}
 f - 4 potions of lignification
 m - 3 potions of might
 p - 2 potions of mutation {unknown}
 r - 19 potions of degeneration
 s - a potion of flight {unknown}
Miscellaneous
 J - a box of beasts


   Skills:
 + Level 6.7 Fighting
 * Level 8.5 Short Blades
 - Level 0.6 Maces & Flails
 - Level 0.4 Polearms
 - Level 2.5 Dodging
 + Level 6.2 Stealth
 + Level 5.6 Shields
 - Level 5.2 Spellcasting
 + Level 2.9 Conjurations
 - Level 1.8 Transmutations
 + Level 7.1 Earth Magic


You had 11 spell levels left.
You knew the following spells:

 Your Spells              Type           Power      Damage    Failure   Level
a - Sandblast             Erth           60%        2d14      1%          1
b - Petrify               Tmut/Erth      20%        N/A       22%         4
c - Stone Arrow           Conj/Erth      44%        3d9       6%          3

Your spell library contained the following spells:

 Spells                   Type           Power      Damage    Failure   Level
 Passwall                 Tmut/Erth      16%        N/A       3%          2
 Magic Dart               Conj           60%        1d6       4%          1
 Searing Ray              Conj           30%        2d5       7%          2
 Apportation              Tloc           8%         N/A       16%         1
 Necrotise                Necr           16%        1d4       16%         1
 Summon Small Mammal      Summ           16%        N/A       16%         1
 Blink                    Tloc           8%         N/A       22%         2
 Dazzling Flash           Conj/Hex       18%        N/A       24%         3
 Lesser Beckoning         Tloc           4%         N/A       38%         3
 Fulminant Prism          Conj/Hex       4%         3d6       58%         4
 Iskenderun's Mystic Bla  Conj/Tloc      9%         2d4       58%         4
 Manifold Assault         Tloc           4%         N/A       98%         5
 Starburst                Conj/Fire      4%         6d4       100%        6


Dungeon Overview and Level Annotations

Branches:
Dungeon (9/15)             Temple (1/1) D:4            Lair (0/5) D:8
Ossuary (visited)
    Orc: D:9-12

Altars:
Ashenzari
Cheibriados
Dithmenos
Elyvilon
Fedhas
Gozag
Hepliaklqana
Kikubaaqudgha
Makhleb
Nemelex Xobeh
Okawaru
Qazlal
Ru
Sif Muna
Trog
Uskayaw
Vehumet
Wu Jian
Xom
Yredelemnul
Zin
The Shining One

Shops:
D:3 ?


Innate Abilities, Weirdness & Mutations

You are a tree.
Your roots penetrate the ground, keeping you stationary.
You cannot be teleported.
You are immune to unholy pain and torment.
Your maximum health is greatly increased.
Your equipment is partially melded.
((You can spit globs of acid.))
((Your golden yellow scales are hard. (AC +7)))
You cannot fit into any form of body armour.
((You are cold-blooded and may be slowed by cold attacks.))
((You are resistant to acid. (rCorr)))


Message History

Your +0 pair of gloves melds into your body.
Your roots penetrate the ground.
You block the rakshasa's attack.
You puncture the rakshasa!
The rakshasa is heavily wounded.
The injured rakshasa weaves a defensive illusion!
You completely miss the rakshasa.
The rakshasa is heavily wounded.
Your shadow hits the rakshasa but does no damage.
The rakshasa hits you with the +10 falchion of Qarphobikh {flame, rPois rF- MP-9 SInv}.
* * * LOW HITPOINT WARNING * * *
The rakshasa burns you.
* * * LOW HITPOINT WARNING * * *
You barely miss the rakshasa.
The rakshasa is heavily wounded.
You block the rakshasa's attack.
The rakshasa hits you but does no damage.
You hit the rakshasa but do no damage.
The rakshasa is heavily wounded.
You block the rakshasa's attack. The rakshasa gestures at you.
The lance of force hits you!
* * * LOW HITPOINT WARNING * * *
The rakshasa blinks!
Unknown command.
Unknown command.
You hit the rakshasa but do no damage.
The rakshasa is heavily wounded.
Your shadow barely misses the rakshasa.
Aiming: Iceblast
Press: ? - help, Q - select action, (/) - cycle Shift-Dir - straight line, f - rakshasa
Aim: a rakshasa, wielding the +10 falchion of Qarphobikh {flame, rPois rF- MP-9 SInv}, wearing +2 ice dragon scales and wearing a +4 ring of evasion (heavily wounded, umbra) That beam is likely to hit you.
Continue anyway?
Okay, then.
Aiming: Quicksilver Bolt
Press: ? - help, Q - select action, (/) - cycle Shift-Dir - straight line, f/p - rakshasa
Aim: a rakshasa, wielding the +10 falchion of Qarphobikh {flame, rPois rF- MP-9 SInv}, wearing +2 ice dragon scales and wearing a +4 ring of evasion (heavily wounded, umbra, 46% to hit)
The bolt of dispelling energy misses the rakshasa.
The rakshasa gestures at you. The lance of force hits you!!
You die...

...)###########.....#############
.................................
....###########.....#######.#####
....# #########.....# #.# # ....#
#.............# #.# # ....#
#.############## #.# # ....# #.#
##....)....## #.# # #####
#.###..###R###..## #.# ###
#.##..##§R♣..##..## #.# #..
#.#..##.#####.##..# #.###.#
#######.#.##.##.:.##.##.# #......
........#.#(##)###.##.#.#######.#
.#####.##.##[## ##.#.#.......#..
.# #.##.'##R# #.#.'..####.##. .#
#.##.#.#.## ##)#.#..#.......
.#####..#.#.##.###.##.#..#.......
.#..###'####.##)..##.##..####.###


You could see 2 rakshasas.

Vanquished Creatures
  Harold (D:9)
  The ghost of passata the Digger, a novice MeEE (D:4)
  A cyclops (D:9)
  A gargoyle (D:9)
  A troll (D:9)
  Sigmund (D:6)
  2 wyverns
  A vampire mosquito (D:9)
  A steam dragon (D:9)
  Menkaure (D:6)
  An acid dragon (D:9)
  Duvessa (D:6)
  3 water moccasins
  2 black bears
  3 orc warriors
  6 ogres
  3 centaurs
  A gnoll sergeant (D:9)
  4 scorpions
  5 bullfrogs
  4 water moccasin zombies (Ossuary)
  6 wights
  Dowan (D:6)
  2 howler monkeys (D:7)
  A hound (D:6)
  4 jellies
  2 gnoll boudas (D:8)
  An iguana (D:6)
  9 orc wizards
  2 mummies (Ossuary)
  9 adders
  20 gnolls
  3 river rats (D:8)
  A shadow imp (D:7)
  A white imp (D:8)
  An ufetubus (D:6)
  3 adder zombies (Ossuary)
  2 worms
  3 dart slugs
  15 orcs
  7 ball pythons
  4 bats
  13 endoplasms
  2 giant cockroaches
  6 gnoll zombies (Ossuary)
  6 goblins
  3 hobgoblins
  2 jackals (D:1)
  5 quokkas
  3 frilled lizards (D:1)
  5 hobgoblin zombies (Ossuary)
  9 kobolds
  3 kobold zombies (Ossuary)
  8 orc zombies (Ossuary)
  23 rats
229 creatures vanquished.

Vanquished Creatures (others)
  A fungus (D:1)
  6 plants (D:3)
  5 toadstools (D:1)
12 creatures vanquished.

Grand Total: 241 creatures vanquished

Notes
Turn   | Place    | Note
-------+----------+-------------------------------------------
     0 | D:1      | Draeca the Draconian Earth Elementalist began the quest for
                  | the Orb.
     0 | D:1      | Reached XP level 1. HP: 14/14 MP: 3/3
   147 | D:1      | Reached XP level 2. HP: 22/22 MP: 1/5
   648 | D:1      | Reached XP level 3. HP: 21/27 MP: 1/6
   831 | D:1      | Found a faded altar of an unknown god.
   842 | D:1      | Prayed at the altar of an unknown god.
   842 | D:1      | Became a worshipper of Dithmenos the Shadowed
   842 | D:1      | Reached * piety under Dithmenos
  1126 | D:2      | Identified the +0 ring mail of the Lost Path {-Cast Fly
                  | rF+++ Str+2}
  1231 | D:2      | Reached skill level 1 in Fighting
  1397 | D:2      | Identified the +12 dagger of Roxzuel {freeze, *Noise rPois
                  | rC+ SInv}
  1752 | D:2      | Reached XP level 4. HP: 35/35 MP: 5/7
  2019 | D:3      | Noticed a scorpion
  2081 | D:3      | Killed a scorpion
  2082 | D:3      | Reached skill level 1 in Short Blades
  2082 | D:3      | Reached XP level 5. HP: 29/40 MP: 1/8
  2173 | D:3      | Found Ymupp's Magic Scroll Boutique.
  2213 | D:3      | Reached ** piety under Dithmenos
  2659 | D:3      | Noticed a black bear
  2677 | D:3      | Killed a black bear
  2678 | D:3      | Reached skill level 2 in Short Blades
  2678 | D:3      | Reached XP level 6. HP: 48/48 MP: 8/10
  3077 | D:4      | Found a staircase to the Ecumenical Temple.
  3092 | Temple   | Entered the Ecumenical Temple
  3480 | D:4      | Reached skill level 1 in Shields
  3514 | D:4      | Noticed passata's ghost (novice MeEE)
  3527 | D:4      | Found a runed translucent door.
  3614 | D:4      | Killed passata's ghost
  3615 | D:4      | Reached skill level 3 in Short Blades
  3615 | D:4      | Your scales start taking on a golden yellow colour.
  3615 | D:4      | Reached XP level 7. HP: 41/57 MP: 3/12
  3615 | D:4      | Gained mutation: You are resistant to acid. (rCorr) [Yellow
                  | Draconian growth]
  3786 | D:4      | Reached skill level 4 in Short Blades
  4023 | D:5      | Entered Level 5 of the Dungeon
  4238 | D:5      | Reached XP level 8. HP: 63/63 MP: 13/13
  4761 | D:5      | Found a large runed translucent door.
  4762 | D:5      | Found a large runed translucent door.
  4772 | D:5      | Found an ancient bone altar of Kikubaaqudgha.
  4777 | D:5      | Reached skill level 5 in Earth Magic
  4783 | D:5      | Found a stormy altar of Qazlal.
  5170 | D:6      | Noticed Menkaure
  5189 | D:6      | Killed Menkaure
  5190 | D:6      | Reached skill level 5 in Short Blades
  5378 | D:6      | Noticed Dowan
  5406 | D:6      | Noticed Duvessa
  5424 | D:6      | Killed Dowan
  5439 | D:6      | Killed Duvessa
  5489 | D:6      | Found a sparkling altar of Nemelex Xobeh.
  5759 | D:6      | Reached *** piety under Dithmenos
  5776 | D:6      | Reached XP level 9. HP: 72/72 MP: 15/15
  5781 | D:6      | Noticed Sigmund
  5810 | D:6      | Killed Sigmund
  5946 | D:6      | Learned a level 4 spell: Petrify
  5950 | D:6      | Learned a level 3 spell: Stone Arrow
  6294 | D:7      | Reached skill level 6 in Short Blades
  6357 | D:7      | Found a sand-covered staircase.
  6366 | Ossuary  | Entered an ossuary
  6462 | Ossuary  | Reached skill level 5 in Fighting
  6662 | D:7      | Reached **** piety under Dithmenos
  6684 | D:7      | Reached skill level 5 in Stealth
  6801 | D:7      | Found a flagged portal.
  6973 | D:7      | Found a radiant altar of Vehumet.
  7026 | D:7      | Reached skill level 5 in Spellcasting
  7355 | D:8      | Found a staircase to the Lair.
  7458 | D:8      | Reached skill level 7 in Short Blades
  8294 | D:9      | Reached XP level 10. HP: 71/83 MP: 13/17
  8317 | D:9      | Found a white marble altar of Elyvilon.
  8317 | D:9      | Found a glowing golden altar of the Shining One.
  8320 | D:9      | Found a glowing silver altar of Zin.
  8899 | D:9      | Found an ornate altar of the Wu Jian Council.
  8985 | D:9      | Noticed Harold
  8998 | D:9      | Killed Harold
  8999 | D:9      | Reached skill level 5 in Shields
  8999 | D:9      | Reached skill level 1 in Conjurations
  8999 | D:9      | Identified the +7 war axe "Onnamul" {flame, *Rage rElec
                  | Dex+5}
  9267 | D:9      | Noticed a gargoyle
  9272 | D:9      | Killed a gargoyle
  9273 | D:9      | Reached skill level 8 in Short Blades
  9489 | D:9      | Noticed a cyclops
  9504 | D:9      | Killed a cyclops
  9510 | D:9      | Identified the +1 trident of Uddaghut {holy, rF+ rC+ Int+4}
  9517 | D:9      | Identified the +10 falchion of Qarphobikh {flame, rPois rF-
                  | MP-9 SInv}
  9517 | D:9      | Noticed a rakshasa
  9560 | D:9      | HP: 6/126 [rakshasa/lance of force (14)]
  9562 | D:9      | Killed from afar by a rakshasa (illusionary)

Illustrated notes

Levels and vault maps discovered:
D:1:      minmay_arrival_loop, layout_loops_ring,
          hellmonk_ecumenical_altar_inner_sanctum, minmay_gold_behind_fungi
D:2:      layout_loops_cross, serial_rivers, chequers_serial_rivers_marsh,
          chequers_serial_rivers_micro_b, chequers_serial_rivers_micro_c,
          chequers_serial_rivers_marsh, chequers_serial_rivers_small_b
D:3:      cheibrodos_old_hovel, layout_basic, serial_shops,
          nicolae_shop_waterfront
D:4:      layout_basic, minmay_temple_entry_slanted,
          hellmonk_ghost_happy_afterlife, serial_corexii_hall,
          corexii_hall_statues_deadend, chequers_hall_statues_wall_a,
          corexii_hall_statues_i, hangedman_abyss_or_decor_passed
D:5:      layout_loops_corners, jmf_multi_god_temple2,
          hangedman_decor_peaks_small
D:6:      layout_gridville, nemelex_dance_club_becter, uniq_duvessa,
          uniq_menkaure, uniq_sigmund
D:7:      layout_basic, fiery_altar_vehumet, chequers_ossuary_entry_cave,
          enter_bailey_7, minmay_stone_trees_small
D:8:      layout_loops_ring, lair_entry_dummy, dk_rats_in_the_wall
D:9:      minmay_the_grid_octo_triangle [minmay_the_grid_octo_fat_diamond,
          minmay_the_grid_octo_prize_single_spiral,
          minmay_the_grid_octo_checkered], layout_basic,
          dreamdust_divine_triumvirate, lemuel_doored_altar, uniq_harold
Temple:   nicolae_temple_two_arcs

Skill      XL: |  1  2  3  4  5  6  7  8  9 10 |
---------------+-------------------------------+-----
Dodging        | 2 |  2.5
Fighting       | 1 2 3 4 5 6 |  6.7
Stealth        | 2 3 4 5 6 |  6.2
Short Blades   | 1 2 3 4 5 7 8 |  8.5
Earth Magic    | 4 5 6 7 |  7.1
Spellcasting   | 3 4 5 |  5.2
Shields        | 2 3 4 5 |  5.6
Conjurations   | 2 |  2.9
Maces & Flails | |  0.6
Polearms       | |  0.4
Transmutations | |  1.8

Action                   |  1- 3 |  4- 6 |  7- 9 | 10-12 || total
-------------------------+-------+-------+-------+-------++-------
Melee: Mace              |     8 |       |       |       ||     8
       Trident           |     7 |     5 |       |       ||    12
       Tailslap          |     1 |     6 |    31 |    11 ||    49
       Dagger            |       |    53 |   275 |   110 ||   438
 Cast: Sandblast         |    55 |    32 |       |       ||    87
       Petrify           |       |       |       |     1 ||     1
 Abil: Breathe Acid      |       |       |    32 |     9 ||    41
Evoke: Wand              |       |       |       |     2 ||     2
  Use: Scroll            |       |     4 |     8 |       ||    12
       Potion            |       |       |     1 |     2 ||     3
 Stab: Sleeping          |       |     1 |     6 |     2 ||     9
       Distracted        |       |       |     1 |       ||     1
Armor: Skin              |    12 |    19 |    52 |    13 ||    96
Dodge: Dodged            |    17 |    25 |    72 |    31 ||   145
Block: Kite shield       |       |     8 |   139 |    63 ||   210
